 Dungeon Crawl Stone Soup version 0.26.1-11-gd32895ea62 (webtiles) character file.

Game seed: 13977291786764053841

63 Descartes the Magician (level 3, -5/19 HPs)
             Began as a Deep Elf Hedge Wizard on July 15, 2021.
             Killed from afar by Sigmund (7 damage)
             ... with a magic dart
             ... on level 1 of the Dungeon.
             The game lasted 00:02:03 (1515 turns).

Descartes the Magician (Deep Elf Hedge Wizard)      Turns: 1515, Time: 00:02:03

Health: -5/19      AC:  2    Str:  7    XL:     3   Next: 89%
Magic:  10/10      EV: 13    Int: 19    God:
Gold:   71         SH:  0    Dex: 14    Spells: 9/10 levels left

rFire    . . .     SeeInvis .   a - +0 dagger
rCold    . . .     Faith    .   (no shield)
rNeg     . . .     Spirit   .   b - +0 robe
rPois    .         Reflect  .   c - +0 hat
rElec    .         Harm     .   (no cloak)
rCorr    .         Rampage  .   (no gloves)
Will     .....                  (no boots)
Stlth    ++........             (no amulet)
HPRegen  0.06/turn              (no ring)
MPRegen  0.12/turn              (no ring)

@: no status effects
A: no striking features
a: no special abilities


You were on level 1 of the Dungeon.
You visited 1 branch of the dungeon, and saw 2 of its levels.

You collected 71 gold pieces.

Inventory:

Hand Weapons
 a - a +0 dagger (weapon)
Missiles
 d - 8 datura-tipped darts
 h - 40 stones
 i - 11 boomerangs
Armour
 b - a +0 robe (worn)
 c - a +0 hat (worn)
Scrolls
 e - 6 scrolls of identify {unknown}
 j - a scroll of remove curse {unknown}
 k - a scroll of amnesia {unknown}
Potions
 f - a potion of invisibility {unknown}
 g - a potion of degeneration {unknown}
 l - a potion of flight {unknown}


   Skills:
 - Level 2.4 Dodging
 - Level 2.4 Stealth
 - Level 4.4 Spellcasting
 + Level 4.2 Conjurations
 - Level 1.1 Summonings
 - Level 1.1 Translocations


You had 9 spell levels left.
You knew the following spells:

 Your Spells              Type           Power        Failure   Level
a - Magic Dart            Conj           80%          2%          1

Your spell library contained the following spells:

 Spells                   Type           Power        Failure   Level
 Blink                    Tloc           N/A          13%         2
 Call Imp                 Summ           8%           13%         2
 Conjure Flame            Conj/Fire      12%          17%         3
 Slow                     Hex            4%           21%         2
 Mephitic Cloud           Conj/Pois/Air  9%           22%         3


Dungeon Overview and Level Annotations

Branches:
Dungeon (2/15)

Altars:
Kikubaaqudgha
Yredelemnul

Annotations:
D:1 Sigmund
D:2 2 transporters, Menkaure


Message History

Magic restored.
HP restored.
Done exploring.
Done exploring.
There is an open door here.
There is a stone staircase leading down here.
You climb downwards.
Level annotation: 2 transporters, Menkaure Sigmund the Dreaded comes into view.
He is wielding a +0 scythe, wearing a +2 robe of willpower and carrying a wand of polymorph (10).
Sigmund shouts!
Sigmund hits you with a +0 scythe!
There is a stone staircase leading up here.
Sigmund hits you with a +0 scythe!
* * * LOW HITPOINT WARNING * * *
You climb upwards.
There is a stone staircase leading down here.
There is an open door here.
Sigmund gestures at you while chanting. The magic dart hits you!
You die...

......########### #......#
......'..)......###......#
.....†#########..##......#
####### ##.##......#
.###############.##......#
......##....[.##.##......#
......##......##..#.#'####
......##......###.#@#.###########
.......'......'.@....>...........
......##......####.##.###########
......##......# #..#.#
......##......# ##.#.#
.#######......# #...# ## ########
##..# ### #######..## #..
#.........# #.# #)........# #.#


You could see Sigmund.

Vanquished Creatures
  A worker ant (D:2)
  An adder (D:2)
  An ooze (D:1)
  A leopard gecko (D:2)
  3 orcs (D:2)
  2 goblins (D:1)
  5 hobgoblins
  4 kobolds
  A ball python (D:2)
  2 bats (D:1)
  2 rats
23 creatures vanquished.

Notes
Turn   | Place    | Note
-------+----------+-------------------------------------------
     0 | D:1      | Descartes the Deep Elf Hedge Wizard began the quest for the
                  | Orb.
     0 | D:1      | Reached XP level 1. HP: 10/10 MP: 7/7
   298 | D:1      | Reached XP level 2. HP: 14/15 MP: 0/9
  1053 | D:2      | Reached XP level 3. HP: 19/19 MP: 7/10
  1055 | D:2      | Found a transporter.
  1058 | D:2      | Found a transporter.
  1058 | D:2      | Found an ancient bone altar of Kikubaaqudgha.
  1062 | D:2      | Noticed Menkaure
  1065 | D:2      | Noticed a necrophage
  1068 | D:2      | Found a basalt altar of Yredelemnul.
  1505 | D:2      | Noticed Sigmund
  1515 | D:1      | Killed from afar by Sigmund

Illustrated notes

Levels and vault maps discovered:
D:1:      minmay_arrival_nine_rooms, layout_basic
D:2:      layout_basic, gammafunk_temple_of_torment, mrwooster_statue_mirror,
          uniq_crazy_yiuf_cottage, uniq_sigmund

Skill      XL: |  1  2  3 |
---------------+----------+-----
Conjurations   | 2 3 4 |  4.2
Dodging        | |  2.4
Stealth        | |  2.4
Spellcasting   | |  4.4
Summonings     | |  1.1
Translocations | |  1.1

Action                   || total
-------------------------++-------
 Cast: Magic Dart        ||    61
Armor: Robe              ||     3
Dodge: Dodged            ||    14
